 Dungeon Crawl Stone Soup version 0.27-a0-1081-ge8a0a9c698 (webtiles) character file.

Game seed: 2621914129114189819

3493 rageheart7 the Cleaver (level 10, -1/94 HPs)
             Began as a Hill Orc Monk on Apr 25, 2021.
             Was a Priest of Qazlal.
             Slain by a two-headed ogre
             ... wielding a +0 giant club
              (26 damage)
             ... on level 8 of the Dungeon.
             The game lasted 00:09:45 (9661 turns).

rageheart7 the Cleaver (Hill Orc Monk)              Turns: 9661, Time: 00:09:46

Health: -1/94      AC: 11    Str: 18    XL:     10   Next: 7%
Magic:  14/14      EV: 11    Int: 10    God:    Qazlal [***...]
Gold:   289        SH:  4    Dex: 16    Spells: 9/9 levels left

rFire    + . .     SeeInvis +   G - +4 hand axe
rCold    x . .     Faith    .   (no shield)
rNeg     . . .     Spirit   .   d - +0 ring mail
rPois    +         Reflect  .   m - +1 helmet
rElec    .         Harm     .   v - +0 cloak {Will+}
rCorr    .         Rampage  .   e - +0 pair of gloves
Will     +....                  w - +0 pair of boots
Stlth    +.........             z - amulet of magic regeneration
HPRegen  0.25/turn              b - ring of Avoto {rPois rF+ rC- Dex+3 Slay+4}
MPRegen  0.39/turn              A - ring of see invisible

@: no status effects
A: no striking features
a: Renounce Religion, Upheaval, Elemental Force


You were on level 8 of the Dungeon.
You worshipped Qazlal.
Qazlal was most pleased with you.
You visited 2 branches of the dungeon, and saw 9 of its levels.

You collected 289 gold pieces.

Inventory:

Hand Weapons
 c - a +2 vorpal trident
 G - a +4 hand axe (weapon)
Missiles
 f - a throwing net
 p - 7 atropa-tipped darts
 D - 36 poisoned darts (quivered)
 E - 2 silver boomerangs
Armour
 d - a +0 ring mail (worn)
 e - a +0 pair of gloves (worn)
 m - a +1 helmet (worn)
 u - a +0 buckler
 v - a +0 cloak of willpower (worn)
 w - a +0 pair of boots (worn)
Jewellery
 b - the ring of Avoto (left hand) {rPois rF+ rC- Dex+3 Slay+4}
   (You acquired it on level 5 of the Dungeon)

   [ring of slaying]

   It affects your dexterity (+3).
   It affects your accuracy and damage with ranged weapons and melee attacks
   (+4).
   It protects you from fire.
   It makes you vulnerable to cold.
   It protects you from poison.
 t - a ring of positive energy
 y - a ring of resist corrosion
 z - an amulet of magic regeneration (around neck)
 A - a ring of see invisible (right hand)
Wands
 a - a wand of paralysis (7)
 x - a wand of polymorph (25)
 F - a wand of flame (13)
Scrolls
 h - a scroll of vulnerability
 k - a scroll of silence
 l - a scroll of teleportation
 n - a scroll of fear {unknown}
 q - a scroll of blinking
 r - a scroll of amnesia
 B - a scroll of enchant weapon
 H - a scroll of identify
Potions
 g - a potion of invisibility
 i - a potion of flight
 j - 2 potions of heal wounds
 s - a potion of might
 C - 3 potions of degeneration {unknown}
 I - a potion of brilliance {unknown}


   Skills:
 - Level 10.5 Fighting
 - Level 11.4 Axes
 + Level 4.5 Armour
 - Level 2.4 Dodging
 - Level 1.5 Stealth
 + Level 4.6 Shields
 + Level 5.5 Invocations


You had 9 spell levels left.
You didn't know any spells.
Your spell library contained the following spells:

 Spells                   Type           Power      Damage    Failure   Level
 Animate Skeleton         Necr           0%         N/A       54%         1
 Foxfire                  Conj/Fire      0%         2x1d4     54%         1
 Pain                     Necr           0%         1d4       54%         1
 Conjure Flame            Conj/Fire      0%         6-21      88%         3
 Inner Flame              Hex/Fire       0%         N/A       88%         3
 Vampiric Draining        Necr           0%         2d6       88%         3
 Animate Dead             Necr           0%         N/A       99%         4
 Sticky Flame             Conj/Fire      0%         2d3       99%         4
 Agony                    Necr           0%         N/A       100%        5
 Bolt of Magma            Conj/Fire/Erth 0%         4d4       100%        5
 Fireball                 Conj/Fire      0%         3d3       100%        5
 Iskenderun's Battlesphe  Conj           0%         2d6       100%        5
 Iron Shot                Conj/Erth      0%         9d1       100%        6
 Orb of Destruction       Conj           0%         N/A       100%        7
 Spellforged Servitor     Conj/Summ      0%         N/A       100%        7


Dungeon Overview and Level Annotations

Branches:
Dungeon (8/15)             Temple (1/1) D:5
   Lair: D:8-11

Altars:
Ashenzari
Dithmenos
Elyvilon
Gozag
Hepliaklqana
Kikubaaqudgha
Makhleb
Nemelex Xobeh
Okawaru
Qazlal
Ru
Trog
Uskayaw
Vehumet
Wu Jian
Xom
Yredelemnul
Zin
The Shining One

Annotations:
D:8 2 transporters


Message History

The orc shouts! x2
A two-headed ogre comes into view.
It is wielding a +0 giant club and a +0 giant spiked club.
Found a whip.
There are monsters nearby!
You hit the orc but do no damage. The orc barely misses you.
You barely miss the orc.
The orc wizard points at itself and mumbles some strange words.
The orc wizard flickers and vanishes for a moment.
The orc misses you.
You slash the orc!
You kill the orc!
Qazlal accepts your kill.
You slash the orc!
You kill the orc!
Qazlal accepts your kill.
The orc wizard hits you but does no damage.
Items here: )) [ †.
You barely miss the orc wizard. You barely miss the orc wizard.
You slash the two-headed ogre! The orc wizard barely misses you.
The two-headed ogre hits you with a +0 giant club!
The two-headed ogre hits you with a +0 giant spiked club!
You slash the orc wizard!
The orc wizard is heavily wounded.
You barely miss the two-headed ogre.
The orc wizard hits you but does no damage.
You slash the orc wizard!
The orc wizard is almost dead.
You hit the two-headed ogre.
The two-headed ogre hits you with a +0 giant club!
The two-headed ogre hits you with a +0 giant spiked club!!
* * * LOW HITPOINT WARNING * * *
The orc wizard points at you and mumbles some strange words.
You resist with almost no effort.
As you read the scroll labelled XAXZIU EPAU, it crumbles to dust.
It is a scroll of enchant armour.
Your +0 helmet glows green for a moment.
The orc wizard hits you but does no damage.
The two-headed ogre hits you with a +0 giant club!!
You die...

#.... ##### #####
###....#######....
..#....#.........#
#.#O...#.......#..
#.#....+.....###..
#o#....#.....###..
#@#....+..........
######O#....#....##.#..
...........#.###+###.#.#
.)......................
####..###..#.##..#####.#
##...###.# ##........#
...©.....# .########
.#######..#.##.# #...#
.#8.©.8#..#.##.####.#.#


You could see a two-headed ogre and an orc wizard (invisible).

Vanquished Creatures
  6 yaks (D:8)
  Sigmund (D:5)
  An orc warrior (D:6)
  A sky beast (D:6)
  A necrophage (D:6)
  3 ogres
  A centaur (D:6)
  3 bullfrogs
  A kobold brigand (D:8)
  A gnoll sergeant (D:5)
  A water moccasin zombie (D:5)
  3 scorpions
  A wyvern skeleton (D:7)
  A water moccasin skeleton (D:6)
  5 wights (D:8)
  A bullfrog zombie (D:6)
  A centaur zombie (D:8)
  2 jellies
  5 hounds
  Crazy Yiuf (D:5)
  2 orc priests
  3 bullfrog skeletons (D:6)
  4 iguanas
  5 orc wizards (D:6)
  A hound skeleton (D:4)
  Robin (D:3)
  4 gnolls (D:5)
  2 howler monkey skeletons
  7 adders
  2 shadow imps
  2 adder zombies (D:5)
  An adder skeleton (D:5)
  3 worms
  2 dart slugs
  27 orcs
  10 endoplasms
  A giant cockroach (D:2)
  16 goblins
  7 hobgoblins
  4 jackals (D:1)
  5 quokkas
  6 ball pythons
  4 bats
  3 frilled lizards
  12 kobolds
  4 rats
178 creatures vanquished.

Notes
Turn   | Place    | Note
-------+----------+-------------------------------------------
     0 | D:1      | rageheart7 the Hill Orc Monk began the quest for the Orb.
     0 | D:1      | Reached XP level 1. HP: 19/19 MP: 1/1
     6 | D:1      | Noticed a snapping turtle
     7 | D:1      | Noticed a four-headed hydra
     7 | D:1      | Noticed a black bear
   452 | D:1      | Reached XP level 2. HP: 21/27 MP: 2/2
  1136 | D:2      | Reached XP level 3. HP: 21/34 MP: 3/3
  1357 | D:2      | Reached skill level 5 in Axes
  2091 | D:3      | Noticed Robin
  2102 | D:3      | Reached XP level 4. HP: 41/41 MP: 4/4
  2137 | D:3      | Reached skill level 5 in Fighting
  2723 | D:3      | Killed Robin
  3414 | D:3      | Reached XP level 5. HP: 48/48 MP: 5/5
  3426 | D:3      | Found a faded altar of an unknown god.
  3623 | D:4      | Noticed an ogre
  3639 | D:4      | Killed an ogre
  3640 | D:4      | Reached skill level 6 in Axes
  3848 | D:4      | Found a shadowy altar of Dithmenos.
  3849 | D:4      | Noticed an ogre
  3854 | D:4      | Reached XP level 6. HP: 57/57 MP: 6/6
  3863 | D:4      | Reached skill level 7 in Axes
  4479 | D:5      | Entered Level 5 of the Dungeon
  4481 | D:5      | Identified a scroll of acquirement
  4481 | D:5      | Acquired the ring of Avoto {rPois rF+ rC- Dex+3 Slay+4}
  4489 | D:5      | Noticed Sigmund
  4500 | D:5      | Killed Sigmund
  4501 | D:5      | Reached XP level 7. HP: 55/66 MP: 7/7
  4513 | D:5      | Reached skill level 8 in Axes
  4731 | D:5      | Found a runed translucent door.
  4732 | D:5      | Noticed Crazy Yiuf
  5312 | D:5      | Reached skill level 9 in Axes
  5321 | D:5      | Found a white marble altar of Elyvilon.
  5389 | D:5      | Found a staircase to the Ecumenical Temple.
  5393 | D:5      | Reached XP level 8. HP: 74/74 MP: 8/8
  5403 | Temple   | Entered the Ecumenical Temple
  5515 | Temple   | Became a worshipper of Qazlal Stormbringer
  5515 | Temple   | Reached * piety under Qazlal
  5515 | Temple   | Reached ** piety under Qazlal
  6327 | D:5      | Killed Crazy Yiuf
  6404 | D:6      | Reached skill level 10 in Axes
  6783 | D:6      | Found a bloodstained altar of Trog.
  6878 | D:6      | Reached skill level 10 in Fighting
  6882 | D:6      | Reached XP level 9. HP: 77/85 MP: 9/9
  6939 | D:6      | Found a hazy altar of Hepliaklqana.
  7005 | D:6      | Reached skill level 11 in Axes
  7326 | D:6      | Found an ornate altar of the Wu Jian Council.
  8152 | D:7      | Found a radiant altar of Vehumet.
  8153 | D:7      | Found a broken altar of Ashenzari.
  8154 | D:7      | Found a basalt altar of Yredelemnul.
  8465 | D:7      | Reached skill level 1 in Invocations
  8473 | D:7      | Found a hide-covered altar of Uskayaw.
  8533 | D:7      | Reached skill level 1 in Armour
  8533 | D:7      | Reached skill level 1 in Shields
  8537 | D:7      | Found an iron altar of Okawaru.
  8861 | D:8      | Reached *** piety under Qazlal
  9092 | D:8      | Reached skill level 5 in Invocations
  9092 | D:8      | Reached XP level 10. HP: 47/94 MP: 13/13
  9364 | D:8      | Found a transporter.
  9636 | D:8      | Found a transporter.
  9649 | D:8      | Noticed a two-headed ogre
  9661 | D:8      | Slain by a two-headed ogre

Illustrated notes

Levels and vault maps discovered:
D:1:      onia_arrival_zoo_common, layout_loops_ring
D:2:      layout_basic
D:3:      layout_basic, hellmonk_ecumenical_altar_inner_sanctum, uniq_robin
D:4:      layout_cave_pools, nicolae_dithmenos_the_darkroom
D:5:      layout_basic, elyvilon_altar_3, minmay_temple_entry_purple_smoke,
          uniq_sigmund, uniq_crazy_yiuf_cottage
D:6:      layout_layer_cave, old_standard_altar, overflow_temple_1_default,
          nicolae_overflow_crystal_walls, lightli_orcish_oven
D:7:      statuecave_lemuel, layout_basic,
          chequers_temple_overflow_statue_of_worship, marbit_many_paths,
          lemuel_round_altar, serial_park_tiny_2
D:8:      gammafunk_steamed_eel, layout_basic
Temple:   kb_temple_of_zot

Skill      XL: |  1  2  3  4  5  6  7  8  9 |
---------------+----------------------------+-----
Fighting       | 4 5 6 7 8 10 | 10.5
Axes           | 5 6 7 9 10 11 | 11.4
Invocations    | 5 |  5.5
Armour         | 4 |  4.5
Shields        | 4 |  4.6
Dodging        | |  2.4
Stealth        | |  1.5

Action                   |  1- 3 |  4- 6 |  7- 9 | 10-12 || total
-------------------------+-------+-------+-------+-------++-------
Melee: Hand axe          |   135 |   208 |   248 |    22 ||   613
  Use: Potion            |       |     3 |     5 |       ||     8
       Scroll            |       |     5 |     8 |     1 ||    14
 Stab: Sleeping          |       |     1 |       |       ||     1
       Invisible         |       |       |     2 |       ||     2
Armor: Ring mail         |    43 |    52 |    57 |     8 ||   160
       Skin              |       |    39 |       |       ||    39
Dodge: Dodged            |    75 |    88 |    94 |    11 ||   268
Block: Other             |       |       |    16 |       ||    16

Table legend: (Time is in decaauts)
 A = Elapsed time spent in this place.
 B = Non-inter-level travel time spent in this place.
 C = Inter-level travel time spent in this place.
 D = Time resting spent in this place.
 E = Time spent auto-exploring this place.
 F = Levels seen in this place.
 G = Mean time per level.
                   A        B        C        D        E       F      G
               +--------+--------+--------+--------+--------+-----+--------+
         Total |   9599 |   9286 |    313 |      0 |   8073 |   9 | 1066.6 |
       Dungeon |   9455 |   9195 |    260 |      0 |   7985 |   8 | 1181.9 |
        Temple |    143 |     90 |     53 |      0 |     88 |   1 |  143.0 |
               +--------+--------+--------+--------+--------+-----+--------+

Top non-repeatable levels by time:
     D:6: 1551 daAuts
     D:5: 1524 daAuts
     D:2: 1449 daAuts
     D:4: 1136 daAuts
     D:1: 1103 daAuts
     D:3: 994 daAuts
     D:7: 899 daAuts
     D:8: 797 daAuts
  Temple: 143 daAuts
